 Dungeon Crawl Stone Soup version 0.24-a0-235-g3f03afcf10 (webtiles) character file.

Game seed: 14194437511502589022

255395 MirrMurr the Imperceptible (level 19, -12/102 HPs)
             Began as a Spriggan Enchanter on Apr 4, 2019.
             Was an Initiate of Gozag.
             Killed from afar by a deep elf knight (34 damage)
             ... with a shard of ice
             ... on level 1 of the Vaults on Apr 7, 2019.
             The game lasted 03:19:20 (52489 turns).

MirrMurr the Imperceptible (Spriggan Enchanter)    Turns: 52489, Time: 03:19:20

Health: -12/102    AC: 15    Str: 14    XL:     19   Next: 4%
Magic:  39/39      EV: 35    Int: 21    God:    Gozag
Gold:   8315       SH: 15    Dex: 22    Spells: 16/48 levels left

rFire    . . .     SeeInvis +   a - +9 dagger (elec)
rCold    . . .     Gourm    .   E - +1 buckler
rNeg     . . .     Faith    .   I - +4 robe of Augmentation {Str+4 Int+4 Dex+4}
rPois    +         Spirit   .   V - +2 hat
rElec    .         Reflect  +   n - +2 cloak {MR+}
rCorr    .         Harm     .   (gloves unavailable)
MR       ++++.                  (boots unavailable)
Stlth    +++++++++.             i - +5 amulet of reflection
HPRegen  0.27/turn              B - ring of poison resistance
MPRegen  0.26/turn              x - +4 ring of protection

@: gold aura, very quick
A: very small, unfitting armour, horns 1, see invisible, herbivore, speed 3,
slow metabolism 2
}: 2/15 runes: decaying, serpentine
a: Potion Petition, Call Merchant, Bribe Branch, Renounce Religion


You were on level 1 of the Vaults.
You worshipped Gozag.
Gozag was greatly pleased with you.
You were not hungry.

You visited 7 branches of the dungeon, and saw 33 of its levels.
You also visited: Bailey, Gauntlet and Volcano.

You collected 12887 gold pieces.
You spent 3308 gold pieces at shops.
You paid 1264 gold pieces to Gozag.

Inventory:

Hand Weapons
 a - a +9 dagger of electrocution (weapon)
 b - a +3 rapier of electrocution
 q - a +6 blowgun
 w - a +0 fustibalus of flaming
Missiles
 d - 913 stones (quivered)
 p - 223 sling bullets
 C - 6 throwing nets
 G - 75 poisoned needles
 P - 72 tomahawks of returning
Armour
 n - a +2 cloak of magic resistance (worn)
 E - a +1 buckler (worn)
 I - the +4 robe of Augmentation (worn) {Str+4 Int+4 Dex+4}
   (You bought it in a shop on level 2 of the Orcish Mines)

   It affects your strength (+4).
   It affects your intelligence (+4).
   It affects your dexterity (+4).
 V - a +2 hat (worn)
Jewellery
 e - an uncursed ring of resist corrosion
 i - a +5 amulet of reflection (around neck)
 x - a +4 ring of protection (right hand)
 B - a ring of poison resistance (left hand)
 R - the ring "Nobamm" {rF+ AC+2 Str+7 Int+3}
   (You took it off a minotaur in a Gauntlet)

   [ring of protection]

   It affects your AC (+2).
   It affects your strength (+7).
   It affects your intelligence (+3).
   It protects you from fire.
 T - an uncursed ring of flight
 X - an uncursed ring of protection from cold
Wands
 u - a wand of acid (23)
 y - a wand of clouds (12)
 F - a wand of random effects (14)
 J - a wand of paralysis (35)
 S - a wand of iceblast (19)
 W - a wand of digging (8)
Scrolls
 f - 8 scrolls of fear
 k - 12 scrolls of teleportation
 m - 5 scrolls of blinking
 r - 11 scrolls of remove curse
 v - a scroll of enchant weapon
 N - 8 scrolls of magic mapping
 Y - 3 scrolls of fog
 Z - 2 scrolls of summoning
Potions
 g - 3 potions of brilliance
 h - 7 potions of flight
 j - 2 potions of cancellation
 l - a potion of ambrosia
 o - 10 potions of mutation
 s - 3 potions of resistance
 t - 8 potions of lignification
 z - 3 potions of berserk rage
 A - 6 potions of agility
 D - 6 potions of might
 H - 7 potions of heal wounds
 K - 8 potions of curing
 L - 6 potions of magic
 M - a potion of haste
 U - 3 potions of invisibility
Comestibles
 c - 27 rations


   Skills:
 + Level 12.3 Fighting
 - Level 10.0 Short Blades
 - Level 16.6 Dodging
 + Level 23.0 Stealth
 * Level 6.9 Shields
 - Level 15.0 Spellcasting
 * Level 14.1 Hexes
 - Level 6.0 Summonings
 * Level 5.6 Translocations
 - Level 4.0 Ice Magic
 - Level 4.0 Air Magic


You had 16 spell levels left.
You knew the following spells:

 Your Spells              Type           Power        Failure   Level  Hunger
a - Ensorcelled Hibernat  Hex/Ice        ######       1%          2    None
b - Confuse               Hex            ######..     1%          3    None
c - Tukima's Dance        Hex            ######..     1%          3    None
d - Dazzling Spray        Conj/Hex       #####.       1%          3    None
e - Poisonous Vapours     Pois/Air       ###...       2%          2    None
f - Summon Butterflies    Summ           #####...     1%          1    None
g - Spectral Weapon       Hex/Chrm       #####...     1%          3    None
i - Invisibility          Hex            ######..     1%          6    #####..
s - Summon Lightning Spi  Summ/Air       #####...     4%          4    None
x - Summon Ice Beast      Ice/Summ       #####...     4%          4    None
A - Apportation           Tloc           #####.       1%          1    None

Your spell library contained the following spells:

 Spells                   Type           Power        Failure   Level  Hunger
 Corona                   Hex            ######.      0%          1    None
 Summon Small Mammal      Summ           ####         1%          1    None
 Call Imp                 Summ           #####...     1%          2    None
 Shroud of Golubria       Chrm/Tloc      ####......   1%          2    None
 Slow                     Hex            ######..     1%          2    None
 Call Canine Familiar     Summ           #####...     1%          3    None
 Inner Flame              Hex/Fire       #####...     1%          3    None
 Lesser Beckoning         Tloc           #####.....   1%          3    None
 Portal Projectile        Hex/Tloc       ######       1%          3    None
 Summon Guardian Golem    Hex/Summ       ######..     1%          3    None
 Cause Fear               Hex            ######....   1%          4    None
 Leda's Liquefaction      Hex/Erth       #####.....   2%          4    None
 Silence                  Hex/Air        ######....   2%          5    ###....
 Beastly Appendage        Tmut           ###...       3%          1    None
 Infusion                 Chrm           ###.         3%          1    None
 Song of Slaying          Chrm           ###.....     6%          2    None
 Sticks to Snakes         Tmut           ###.....     6%          2    None
 Yara's Violent Unravell  Hex/Tmut       #####.....   6%          5    ###....
 Mephitic Cloud           Conj/Pois/Air  ###.....     7%          3    None
 Conjure Flame            Conj/Fire      ###.....     12%         3    None
 Regeneration             Chrm/Necr      ###.......   12%         3    None
 Spider Form              Tmut/Pois      ###.......   12%         3    None
 Ice Form                 Ice/Tmut       ###.....     17%         4    None
 Discord                  Hex            ######....   61%         8    #######
 Alistair's Intoxication  Tmut/Pois      ###.....     71%         5    ###....
 Blade Hands              Tmut           ###.......   71%         5    ###....
 Irradiate                Conj/Tmut      ###.......   71%         5    ###....
 Freezing Cloud           Conj/Ice/Air   ####......   89%         6    #####..
 Deflect Missiles         Chrm/Air       ###.......   95%         6    #####..
 Hydra Form               Tmut           ###.......   99%         6    #####..
 Statue Form              Tmut/Erth      ###......    99%         6    #####..
 Dragon Form              Tmut           ###.......   100%        7    ######.
 Ring of Flames           Chrm/Fire      ###.......   100%        7    ######.


Dungeon Overview and Level Annotations

Branches:
Dungeon (15/15)            Temple (1/1) D:5            Lair (6/6) D:11
  Swamp (4/4) Lair:4        Snake (4/4) Lair:3        Slime (0/5) Lair:6
    Orc (2/2) D:12            Elf (0/3) Orc:2        Vaults (1/5) D:14
 Depths (0/5) D:15

Altars:
Ashenzari
Cheibriados
Dithmenos
Elyvilon
Fedhas
Gozag
Hepliaklqana
Kikubaaqudgha
Makhleb
Nemelex Xobeh
Okawaru
Qazlal
Ru
Sif Muna
Trog
Uskayaw
Vehumet
Wu Jian
Xom
Yredelemnul
Zin
The Shining One
Beogh

Shops:
D:4 [   D:7 *   Orc:2 *[[=((   Lair:3 [   Snake:1 %=!   Snake:2 =[   Snake:3 =
Snake:4 %

Annotations:
D:5 2 transporters, marsu's ghost, amateur FeAE
D:14 1 runed translucent door, yrara's ghost, journeyman DsFi
Lair:5 dig
Snake:1 1 runed translucent door


Innate Abilities, Weirdness & Mutations

You are very small and have problems with some larger weapons.
You are too small for most types of armour.
You have supernaturally acute eyesight. (SInv)
You are a herbivore.
You cover ground extremely quickly.
You need to consume almost no food.
You have a pair of small horns on your head.


Message History

Your headbutt misses the ironbrand convoker.
The ironbrand convoker is almost dead.
You hit the ironbrand convoker.
You kill the ironbrand convoker!
The deep elf archer blinks!
The deep elf knight gestures wildly while chanting.
The deep elf knight flickers and vanishes for a moment.
The deep elf knight becomes distracted by the nearby gold, dreaming of imaginary riches.
You block the deep elf knight's attack.
The deep elf archer shoots an arrow.
You reflect the arrow off an invisible shield around you!
The arrow barely misses the deep elf archer.
The deep elf knight casts a spell at you.
The shard of ice hits you!!!
* * * LOW HITPOINT WARNING * * *
The deep elf knight is no longer distracted by gold.
The deep elf knight casts a spell at you.
The shard of ice hits you!!
You die...
Your body crumbles into a pile of gold.

#.........
#.........
#.........
#.######## #...#
###.#########
#.#.........#
#.#########.#
#(...)....@.#
#(e.$.......#
#..e..e.....#
+#######e##########
.................
.........(.......
.................
.....e.....p.....
........e..c..S..


You could see 2 deep elf knights.

Vanquished Creatures
  Nikola (Swamp:4)
  Agnes (D:14)
  2 thorn hunters (Swamp:1)
  9 nagarajas
  Donald (Lair:3)
  A vault warden (Vaults:1)
  An orc warlord (Orc:2)
  A red draconian (Volcano)
  A dire elephant (Gauntlet)
  A minotaur (Gauntlet)
  Harold (Lair:1)
  4 shambling mangroves
  27 hydras
  9 naga warriors
  9 vault guards
  9 anacondas
  5 centaur warriors
  A death knight (D:15)
  3 catoblepae (Lair:6)
  14 alligators
  A death scarab (Gauntlet)
  5 two-headed ogres
  12 death yaks
  An orc high priest (Orc:1)
  6 naga sharpshooters
  Nergalle (Lair:2)
  2 shock serpents (Snake:3)
  3 salamander mystics
  4 skeletal warriors (D:12)
  2 wizards
  A spriggan druid (Swamp:4)
  2 ironbrand convokers (Vaults:1)
  Pikel (D:7)
  5 naga ritualists
  11 swamp dragons
  A mana viper (shapeshifter) (D:15)
  5 orc knights (Orc:2)
  11 salamanders
  9 mana vipers
  A harpy (shapeshifter) (D:15)
  2 oklob plants (Lair:5)
  A wolf spider (Vaults:1)
  16 ugly things
  8 orc sorcerers
  3 manticores
  3 cyclopes
  27 black mambas
  2 elephants (Gauntlet)
  2 vault sentinels (Vaults:1)
  10 naga magi
  7 guardian serpents
  A torpor snail (Lair:2)
  A gargoyle (D:11)
  24 spiny frogs
  7 komodo dragons
  A freezing wraith (Vaults:1)
  2 ice devils (Lair:5)
  A merfolk (shapeshifter) (Vaults:1)
  7 trolls
  A polar bear (Lair:5)
  A hornet (shapeshifter) (D:15)
  7 tyrant leeches
  14 hornets
  4 blink frogs
  4 dream sheep (Lair:2)
  8 bog bodies
  6 hippogriffs
  36 slime creatures
  4 spriggans
  2 shadows
  4 wyverns
  45 yaks
  9 fire bats (Volcano)
  A wraith (Vaults:1)
  A vampire (D:11)
  3 basilisks
  2 hungry ghosts
  28 vampire mosquitoes
  2 wargs (Orc:1)
  4 insubstantial wisps (Swamp:1)
  12 swamp worms
  41 nagas
  16 water moccasins
  6 porcupines
  4 slaves (D:7)
  28 orc warriors
  2 sky beasts
  6 ice beasts
  14 swamp drakes
  3 phantoms
  5 black bears
  14 ogres
  3 boggarts (D:15)
  21 wolves
  22 centaurs
  10 crocodiles
  2 big kobolds
  19 bullfrogs
  3 scorpions
  66 killer bees
  5 howler monkeys
  15 wights
  2 crimson imps
  6 lava snakes
  A bullfrog zombie (D:9)
  A quasit (D:11)
  6 jellies
  A bullfrog skeleton (D:11)
  3 centaur skeletons
  14 orc priests
  5 hounds
  A gnoll shaman (D:4)
  Ijyb (D:4)
  6 iguanas
  11 worker ants
  2 hell rats (Lair:6)
  28 orc wizards
  A hound zombie (D:11)
  3 hound skeletons
  A worker ant zombie (D:8)
  A howler monkey skeleton (D:11)
  18 gnolls
  18 adders
  9 river rats
  A shadow imp (D:9)
  5 oozes
  An adder zombie (D:9)
  3 adder skeletons
  A worm (D:2)
  2 dart slugs
  8 leopard geckos
  66 orcs
  5 bats
  9 giant cockroaches
  11 goblins
  20 hobgoblins
  7 jackals
  5 quokkas
  5 ball pythons
  8 frilled lizards
  A giant cockroach zombie (D:5)
  26 kobolds
  A leopard gecko skeleton (D:5)
  A quokka zombie (D:5)
  8 rats
1146 creatures vanquished.

Vanquished Creatures (collateral kills)
  the Lernaean hydra (Swamp:4)
  A thorn hunter (Swamp:4)
  A naga warrior (Snake:4)
  An anaconda (Snake:3)
  A salamander mystic (Snake:3)
  A salamander (Snake:2)
  2 black mambas (Snake:4)
  2 naga magi
  A hornet (Swamp:1)
  3 slime creatures
  5 nagas
  A porcupine (Lair:5)
  2 gnolls
  An orc (D:12)
  A kobold (Bailey)
  A plant (Lair:5)
25 creatures vanquished.

Vanquished Creatures (others)
  2 naga sharpshooters (Snake:4)
  6 dancing weapons
  2 briar patches (Swamp:1)
  3 bushes (D:15)
  A fire vortex (Lair:1)
  32 fungi
  20 plants
  A withered plant (Gauntlet)
67 creatures vanquished.

Grand Total: 1238 creatures vanquished

Notes
Turn   | Place    | Note
-------+----------+-------------------------------------------
     0 | D:1      | MirrMurr the Spriggan Enchanter began the quest for the
                  | Orb.
     0 | D:1      | Reached XP level 1. HP: 9/9 MP: 5/5
   101 | D:1      | Reached XP level 2. HP: 13/13 MP: 6/6
   109 | D:1      | Reached skill level 5 in Stealth
   113 | D:1      | Learned a level 2 spell: Ensorcelled Hibernation
   851 | D:1      | Reached XP level 3. HP: 16/16 MP: 2/8
   856 | D:1      | Learned a level 3 spell: Confuse
  1640 | D:2      | Reached skill level 6 in Stealth
  1830 | D:2      | Reached XP level 4. HP: 19/21 MP: 6/9
  2520 | D:2      | Reached skill level 7 in Stealth
  2529 | D:2      | Reached XP level 5. HP: 23/24 MP: 7/10
  3237 | D:3      | Learned a level 3 spell: Tukima's Dance
  3376 | D:3      | Reached skill level 8 in Stealth
  3376 | D:3      | Reached XP level 6. HP: 22/28 MP: 6/11
  3915 | D:4      | Reached skill level 5 in Short Blades
  4044 | D:4      | Found a shimmering altar of Xom.
  4044 | D:4      | Found a shimmering altar of Xom.
  4044 | D:4      | Found a shimmering altar of Xom.
  4044 | D:4      | Found a shimmering altar of Xom.
  4044 | D:4      | Found a shimmering altar of Xom.
  4045 | D:4      | Found a shimmering altar of Xom.
  4045 | D:4      | Found a shimmering altar of Xom.
  4045 | D:4      | Found a shimmering altar of Xom.
  4072 | D:4      | Found Powkoof's Armour Shoppe.
  4122 | D:4      | Found a shimmering altar of Xom.
  4253 | D:4      | Noticed Ijyb
  4263 | D:4      | Killed Ijyb
  4263 | D:4      | Reached skill level 5 in Hexes
  4510 | D:4      | Reached XP level 7. HP: 24/32 MP: 13/13
  4517 | D:4      | Found a shimmering altar of Xom.
  4637 | D:4      | Got a warped dagger
  4638 | D:4      | Identified the +1 dagger "Cukkan" {elec, *Slow rPois rC-
                  | Str+9} (You found it on level 4 of the Dungeon)
  4651 | D:5      | Entered Level 5 of the Dungeon
  4725 | D:5      | Found a shadowy altar of Dithmenos.
  4954 | D:5      | Found a basalt altar of Yredelemnul.
  5004 | D:5      | Found a staircase to the Ecumenical Temple.
  5014 | Temple   | Entered the Ecumenical Temple
  5187 | Temple   | Became a worshipper of Gozag Ym Sagoz the Greedy
  5324 | D:5      | Identified the +4 buckler of Mysticism {rF+ Str+6}
  5347 | D:5      | Found a transporter.
  5356 | D:5      | Noticed marsu's ghost (amateur FeAE)
  5581 | D:5      | Found a transporter.
  6140 | D:6      | Learned a level 3 spell: Dazzling Spray
  6163 | D:6      | Reached skill level 1 in Fighting
  6163 | D:6      | Reached XP level 8. HP: 24/37 MP: 12/15
  6264 | D:6      | Found an opulent altar of Gozag.
  6549 | D:6      | Reached skill level 5 in Dodging
  7264 | D:6      | Got a dull robe
  7350 | D:7      | Identified the +1 robe "Manef" {*Slow rElec rN+++ Dex+6}
                  | (You found it on level 6 of the Dungeon)
  7596 | D:7      | Noticed Pikel
  8052 | D:7      | Reached XP level 9. HP: 44/44 MP: 16/16
  8268 | D:7      | Killed Pikel
  8268 | D:7      | Reached skill level 9 in Stealth
  8381 | D:7      | Found Qoudenk's General Store.
  8597 | D:7      | Reached skill level 10 in Stealth
  9046 | D:8      | Found an ancient bone altar of Kikubaaqudgha.
  9074 | D:8      | Reached skill level 10 in Dodging
  9277 | D:8      | Reached skill level 11 in Stealth
  9736 | D:8      | Reached XP level 10. HP: 48/49 MP: 17/17
  9937 | D:8      | Found a stormy altar of Qazlal.
  9938 | D:8      | Found a snail-covered altar of Cheibriados.
 10650 | D:9      | Found a sparkling altar of Nemelex Xobeh.
 10652 | D:9      | Noticed a two-headed ogre
 10659 | D:9      | Killed a two-headed ogre
 10659 | D:9      | Reached skill level 12 in Stealth
 11052 | D:9      | Paralysed by an orc wizard for 3 turns
 11515 | D:10     | Entered Level 10 of the Dungeon
 11573 | D:10     | Reached skill level 5 in Spellcasting
 12080 | D:10     | Reached skill level 13 in Stealth
 12577 | D:11     | Noticed a white ugly thing
 12581 | D:11     | Killed a white ugly thing
 12581 | D:11     | Reached XP level 11. HP: 53/53 MP: 20/20
 13314 | D:11     | Found a staircase to the Lair.
 13998 | D:11     | Noticed a brown ugly thing
 14007 | D:11     | Killed a brown ugly thing
 14160 | D:11     | Noticed a white ugly thing
 14167 | D:11     | Killed a white ugly thing
 14289 | Lair:1   | Entered Level 1 of the Lair of Beasts
 14685 | Lair:1   | Reached skill level 14 in Stealth
 14696 | Lair:1   | Reached skill level 5 in Fighting
 14696 | Lair:1   | Reached skill level 10 in Hexes
 15393 | Lair:2   | Noticed Harold
 15467 | Lair:1   | Killed Harold
 15751 | Lair:2   | Noticed Nergalle
 15756 | Lair:2   | Killed Nergalle
 15756 | Lair:2   | Reached skill level 10 in Short Blades
 15756 | Lair:2   | Reached XP level 12. HP: 60/60 MP: 22/22
 16880 | Lair:3   | Noticed a five-headed hydra
 16928 | Lair:3   | Noticed a four-headed hydra
 16945 | Lair:3   | Killed a four-headed hydra
 16945 | Lair:3   | Reached skill level 15 in Stealth
 17259 | Lair:3   | Found a staircase to the Snake Pit.
 17541 | Lair:3   | Killed a five-headed hydra
 17607 | Lair:3   | Noticed a death yak
 17613 | Lair:3   | Noticed a death yak
 17643 | Lair:3   | Noticed a death yak
 17643 | Lair:3   | Noticed a death yak
 17793 | Lair:3   | Noticed a death yak
 17822 | Lair:3   | Killed a death yak
 17835 | Lair:3   | Noticed a death yak
 18159 | Lair:3   | Reached skill level 15 in Dodging
 18401 | Lair:3   | Killed a death yak
 18401 | Lair:3   | Reached skill level 16 in Stealth
 18460 | Lair:2   | Killed a death yak
 19053 | Lair:2   | Killed a death yak
 19721 | Lair:3   | Killed a death yak
 19959 | Lair:2   | Killed a death yak
 20086 | Lair:4   | Found a staircase to the Swamp.
 20528 | Lair:4   | Reached XP level 13. HP: 68/68 MP: 11/23
 20781 | Lair:4   | Reached skill level 17 in Stealth
 21374 | Lair:5   | Found a frozen archway.
 22627 | Lair:5   | Reached skill level 18 in Stealth
 23610 | Lair:6   | Entered Level 6 of the Lair of Beasts
 24155 | Lair:6   | Found a dark tunnel.
 24166 | Volcano  | Entered a volcano
 24605 | Volcano  | Noticed a red draconian
 24835 | Volcano  | Killed a red draconian
 24835 | Volcano  | Reached skill level 19 in Stealth
 24850 | Volcano  | Found a burning altar of Makhleb.
 25067 | Lair:6   | Found a staircase to the Slime Pits.
 25421 | Lair:6   | Reached skill level 10 in Fighting
 25898 | Lair:6   | Learned a level 1 spell: Apportation
 25911 | Lair:6   | Learned a level 6 spell: Invisibility
 25914 | Lair:6   | Learned a level 2 spell: Poisonous Vapours
 25916 | Lair:6   | Learned a level 1 spell: Summon Butterflies
 25967 | Lair:6   | Reached XP level 14. HP: 47/77 MP: 20/24
 26197 | Lair:6   | Reached skill level 20 in Stealth
 26916 | D:12     | Found a gate leading to a gauntlet.
 26985 | Gauntlet | Entered a Gauntlet
 26985 | Gauntlet | Found a transporter.
 27091 | Gauntlet | Found a transporter.
 27103 | Gauntlet | Found a transporter.
 27107 | Gauntlet | Found a transporter.
 27109 | Gauntlet | Found a large runed translucent door.
 27109 | Gauntlet | Found a large runed translucent door.
 27110 | Gauntlet | Found a large runed translucent door.
 27111 | Gauntlet | Found a large runed translucent door.
 27111 | Gauntlet | Found a large runed translucent door.
 27111 | Gauntlet | Found a runed translucent door.
 27112 | Gauntlet | Found a large runed translucent door.
 27113 | Gauntlet | Found a large runed translucent door.
 27114 | Gauntlet | Found a large runed translucent door.
 27114 | Gauntlet | Found a large runed translucent door.
 27115 | Gauntlet | Found a runed translucent gate.
 27125 | Gauntlet | Found a transporter.
 27125 | Gauntlet | Found a runed translucent gate.
 27126 | Gauntlet | Found a runed translucent gate.
 27127 | Gauntlet | Found a large runed translucent door.
 27127 | Gauntlet | Found a large runed translucent door.
 27128 | Gauntlet | Found a large runed translucent door.
 27129 | Gauntlet | Found a large runed translucent door.
 27138 | Gauntlet | Found a transporter.
 27151 | Gauntlet | Found a transporter.
 27168 | Gauntlet | Found a transporter.
 27172 | Gauntlet | Found a transporter.
 27180 | Gauntlet | Found a transporter.
 27200 | Gauntlet | Found a transporter.
 27204 | Gauntlet | Found a transporter.
 27227 | Gauntlet | Found a large runed translucent door.
 27228 | Gauntlet | Found a large runed translucent door.
 27230 | Gauntlet | Found a large runed translucent door.
 27230 | Gauntlet | Found a runed translucent door.
 27359 | Gauntlet | Got a crude cloak
 27837 | Gauntlet | Identified the ring "Nobamm" {rF+ AC+2 Str+7 Int+3}
 27866 | Gauntlet | Identified the cursed -1 cloak of Recenkac {rCorr Str+3
                  | Stlth+} (You found it in a Gauntlet)
 28129 | D:12     | Found a staircase to the Orcish Mines.
 29059 | D:13     | You fall through a shaft for 2 floors!
 29059 | D:15     | Entered Level 15 of the Dungeon
 29563 | D:14     | Found a flagged portal.
 29574 | Bailey   | Entered a bailey
 30177 | D:14     | Noticed yrara's ghost (journeyman DsFi)
 30180 | D:14     | Found a runed translucent door.
 30197 | D:14     | Noticed Agnes
 30203 | D:14     | Killed Agnes
 30233 | D:14     | Found a gate to the Vaults.
 30599 | D:14     | Reached skill level 10 in Spellcasting
 30599 | D:14     | Reached XP level 15. HP: 81/81 MP: 28/30
 30905 | D:14     | Found a stormy altar of Qazlal.
 32442 | D:15     | Found a staircase to the Depths.
 32991 | Orc:1    | Entered Level 1 of the Orcish Mines
 33129 | Orc:1    | Found a bloodstained altar of Trog.
 33323 | Orc:1    | Found a roughly hewn altar of Beogh.
 33601 | Orc:2    | Entered Level 2 of the Orcish Mines
 33602 | Orc:2    | Upgraded the game from 0.24-a0-232-g49d9ff80d8 to
                  | 0.24-a0-235-g3f03afcf10
 33602 | Orc:2    | Found Teiddy's Antique Armour Emporium.
 33640 | Orc:1    | Learned a level 4 spell: Summon Ice Beast
 33645 | Orc:1    | Learned a level 4 spell: Summon Lightning Spire
 34093 | Orc:2    | Found Wauqazy's General Store.
 34144 | Orc:2    | Noticed an orc warlord
 34248 | Orc:2    | Reached skill level 21 in Stealth
 34256 | Orc:2    | Found Plog's Antique Weapon Shoppe.
 34269 | Orc:2    | Killed an orc warlord
 34269 | Orc:2    | Reached skill level 1 in Air Magic
 34688 | Orc:2    | Found a staircase to the Elven Halls.
 34774 | Orc:2    | Found Pyt Lixt's Jewellery Boutique.
 34964 | Orc:2    | Found Jimiwk's Antique Weapon Shop.
 35274 | Swamp:1  | Entered Level 1 of the Swamp
 35351 | Swamp:1  | Noticed a thorn hunter
 35415 | Swamp:1  | Killed a thorn hunter
 36483 | Swamp:1  | Noticed a thorn hunter
 36732 | Swamp:1  | Killed a thorn hunter
 37364 | Orc:2    | Bought a scroll of identify for 20 gold pieces
 37364 | Orc:2    | Reached XP level 16. HP: 86/86 MP: 32/32
 38099 | Swamp:1  | Reached XP level 17. HP: 76/91 MP: 29/34
 39189 | Swamp:2  | Reached skill level 5 in Summonings
 39354 | Swamp:2  | Reached skill level 1 in Shields
 40818 | Swamp:3  | Learned a level 3 spell: Spectral Weapon
 40820 | Swamp:4  | Entered Level 4 of the Swamp
 41053 | Swamp:4  | Noticed Nikola
 41060 | Swamp:4  | Killed Nikola
 41917 | Orc:2    | Bought a +3 amulet of reflection for 219 gold pieces
 41948 | Orc:2    | Bought a tattered robe for 153 gold pieces
 41948 | Orc:2    | Identified the +2 robe of Mezy {rElec rN++ Stlth-} (You
                  | bought it in a shop on level 2 of the Orcish Mines)
 41972 | Orc:2    | Bought the +4 robe of Augmentation {Str+4 Int+4 Dex+4} for
                  | 1639 gold pieces
 41972 | Orc:2    | Found the +4 robe of Augmentation {Str+4 Int+4 Dex+4}
 42735 | Swamp:4  | Reached skill level 1 in Ice Magic
 43274 | Swamp:4  | Noticed the 27-headed Lernaean hydra
 43287 | Swamp:4  | Killed the 27-headed Lernaean hydra
 43305 | Swamp:4  | Reached skill level 22 in Stealth
 43373 | Swamp:4  | Gained mutation: You have a pair of small horns on your
                  | head. [mutagenic glow]
 43575 | Swamp:4  | Got a decaying rune of Zot
 43785 | Lair:3   | Bought a runed cloak for 255 gold pieces
 43801 | Snake:1  | Entered Level 1 of the Snake Pit
 43833 | Snake:1  | Found a runed translucent door.
 43873 | Snake:1  | Noticed Donald
 44027 | Lair:3   | Killed Donald
 44663 | Snake:1  | Reached XP level 18. HP: 96/96 MP: 29/37
 44897 | Snake:1  | Found Avock's Distillery.
 44899 | Snake:1  | Found Kuxzu's Jewellery Shoppe.
 44901 | Snake:1  | Found Velaat's Food Emporium.
 44907 | Snake:1  | Bought an uncursed ring of poison resistance for 240 gold
                  | pieces
 45137 | Snake:2  | Found Niyn's Jewellery Shop.
 45151 | Snake:2  | Found Duda Hekk's Antique Armour Boutique.
 46890 | Snake:2  | Identified a scroll of acquirement
 46892 | Snake:2  | Identified the +2 buckler of Depression {Str+4 Int+6
                  | Slay-4} (You acquired it on level 2 of the Snake Pit)
 47811 | Snake:3  | Found Utyhioz's Jewellery Emporium.
 47821 | Snake:3  | Bought a +5 amulet of reflection for 782 gold pieces
 47831 | Snake:3  | Reached skill level 5 in Shields
 48342 | Snake:4  | Entered Level 4 of the Snake Pit
 48655 | Snake:4  | Found Jidasseg's Food Shoppe.
 51497 | Snake:4  | Reached skill level 15 in Spellcasting
 51508 | Snake:4  | Got a serpentine rune of Zot
 51848 | Vaults:1 | Entered Level 1 of the Vaults
 52149 | Vaults:1 | Reached skill level 5 in Translocations
 52215 | Vaults:1 | Reached XP level 19. HP: 102/102 MP: 39/39
 52342 | Vaults:1 | Reached skill level 23 in Stealth
 52489 | Vaults:1 | Killed from afar by a deep elf knight

Levels and vault maps discovered:
D:1:      minmay_arrival_hallway, layout_basic, serial_curves, eino_curves_02,
          eino_curves_04
D:2:      layout_rooms, first_ration, kennysheep_big_empty_room,
          palyth_stone_intersect
D:3:      layout_basic, minmay_quadrilaterals
D:4:      layout_basic, serial_shops, shop, serial_park_tiny_1, xom_redecorated,
          uniq_ijyb
D:5:      layout_loops_ring, yredelemnul_altar_generic,
          minmay_temple_entry_steel_oval, gammafunk_ghost_gnarly_gnolls,
          nicolae_dithmenos_the_darkroom
D:6:      layout_basic, basic_altar
D:7:      layout_basic, serial_shops, shop, grunt_ogre_cave, minivault_27,
          minivault_10, kennysheep_cross_bottleneck, uniq_pikel
D:8:      layout_rooms, gammafunk_temple_overflow_statue, basic_altar,
          st_stairs_1
D:9:      layout_cave_pools, overflow_temple_1_default
D:10:     layout_long_grid
D:11:     layout_irregular_city, due_lair_maze_entry_diamond, st_stairs_3
D:12:     layout_cross, david_orc_2, gauntlet_entry_generic
D:13:     layout_long_grid, kennysheep_small_square
D:14:     layout_cave_pods, erik_vaults_2, enter_bailey_6, lemuel_tele_altar,
          hellmonk_ghost_happy_afterlife, corexii_corridor_pit, uniq_agnes
D:15:     gammafunk_enter_depths_forms, layout_gridville, minmay_hedge_maze
Temple:   regret_index_temple_mists
Lair:1:   layout_gridlike
Lair:2:   layout_cave_pods, uniq_harold, uniq_nergalle
Lair:3:   layout_regular_city, minmay_snake_entry_six_corridors
Lair:4:   layout_cave_pods, swamp_mist
Lair:5:   wad_woods_minihive, layout_regular_city,
          portal_ice_cave_demonic_guard, minivault_11, minmay_lair_oklob_chamber
Lair:6:   evilmike_catoblepas_cave, layout_cave_shapes,
          minmay_slime_entry_pillars, nicolae_volcano_entry_hallway,
          kennysheep_rathole
Swamp:1:  layout_basic_swamp, nicolae_swamp_treefoil, swamp_pool1,
          grunt_witch_cave
Swamp:2:  layout_basic_swamp, serial_swamp_ruin, evilmike_swamp_ruin_house_3,
          evilmike_swamp_ruin_house_4, swamp_pool3
Swamp:3:  layout_falls_marsh, nicolae_swamp_trees_clearing
Swamp:4:  swamp_old_school, layout_basic_swamp, uniq_nikola
Snake:1:  layout_onion_interference, lightli_airlock, minmay_shop_star,
          uniq_donald
Snake:2:  layout_cave_shapes, minmay_shoptagon, serial_bayou_shore_b
Snake:3:  layout_onion, serial_shops, shop, serial_bayou_pond_c,
          grunt_megastairs_1
Snake:4:  johnstein_snake_rune_scales, layout_cave_town, serial_shops,
          shop_fountains, lemuel_fruit_tree
Orc:1:    layout_diamond_mine, basic_altar, trog_butcher_becter
Orc:2:    grunt_orc_gardens, layout_diamond_mine, grunt_orc_garden,
          grunt_orc_garden, grunt_orc_garden, grunt_orc_garden, serial_shops,
          shop_fountains, lemuel_statue_altar
Vaults:1: nicolae_vaults_hallways_thing, nicolae_vaults_network_barrier,
          vaults_room_grid, vaults_dpeg_encased_lava, vaults_room_grid,
          vaults_room_stairs_pillars, nicolae_vaults_network_quinsquares
          [nicolae_vaults_network_quincunx_subvault,
          nicolae_vaults_network_quincunx_subvault,
          nicolae_vaults_network_quincunx_subvault,
          nicolae_vaults_network_quincunx_subvault],
          nicolae_vaults_big_angled_halls, vaults_mumra_minichess,
          nicolae_vaults_little_squares_5, ontoclasm_vaults_chip,
          nicolae_vaults_little_squares_5, layout_vaults_omnibox, serial_shops,
          nicolae_shop_stone
Bailey:   bailey_axe_2, bailey
Volcano:  volcano_grotto [vgs_hot_hot_hot]
Gauntlet: minmay_gauntlet_mixed_oops_all_seconds
          [minmay_gauntlet_arena_77_two_paths, nicolae_gauntlet_arena_t_cross,
          minmay_gauntlet_arena_77_terracotta_army,
          nicolae_gauntlet_arena_quarters,
          minmay_gauntlet_arena_77_tiled_triplets,
          minmay_gauntlet_arena_make_your_own_arena, gauntlet_exit_watery]

Skill      XL: |  1  2  3  4  5  6  7  8  9 10 11 12 13 14 15 16 17 18 19 |
---------------+----------------------------------------------------------+-----
Stealth        | 5 6 7 8 11 13 14 16 19 20 21 22 23 | 23.0
Short Blades   | 2 3 4 5 7 8 10 | 10.0
Hexes          | 5 8 10 12 13 14 | 14.1
Spellcasting   | 3 4 5 6 10 11 12 14 15 | 15.0
Fighting       | 1 3 5 7 10 11 12 | 12.3
Dodging        | 8 10 12 13 15 16 | 16.6
Air Magic      | 2 3 4 |  4.0
Summonings     | 4 6 |  6.0
Shields        | 3 6 |  6.9
Translocations | 4 5 |  5.6
Ice Magic      | 2 4 |  4.0

Action                   |  1- 3 |  4- 6 |  7- 9 | 10-12 | 13-15 | 16-18 | 19-21 || total
-------------------------+-------+-------+-------+-------+-------+-------+-------++-------
Melee: Dagger            |   146 |   202 |   271 |   610 |  1321 |  1210 |    53 ||  3813
       Headbutt          |       |       |       |       |       |   217 |    18 ||   235
 Fire: Hunting sling     |       |       |     1 |     9 |       |       |       ||    10
       Fustibalus        |       |       |       |       |     4 |    23 |       ||    27
Throw: Stone             |       |       |       |       |       |     4 |       ||     4
 Cast: Ensorcelled Hiber |    13 |    19 |    77 |   155 |   394 |    11 |       ||   669
       Corona            |     1 |       |       |       |       |       |       ||     1
       Confuse           |       |     2 |    26 |    54 |    69 |    98 |       ||   249
       Tukima's Dance    |       |     1 |       |       |    16 |    22 |       ||    39
       Dazzling Spray    |       |       |       |    48 |     6 |    15 |       ||    69
       Invisibility      |       |       |       |       |     8 |     9 |       ||    17
       Apportation       |       |       |       |       |     2 |    13 |       ||    15
       Summon Ice Beast  |       |       |       |       |     5 |    26 |       ||    31
       Summon Lightning  |       |       |       |       |       |    23 |       ||    23
       Spectral Weapon   |       |       |       |       |       |     9 |       ||     9
       Summon Butterflie |       |       |       |       |       |     1 |       ||     1
Invok: Call Merchant     |       |       |       |       |       |     2 |       ||     2
Evoke: Wand              |       |       |       |     5 |     4 |       |       ||     9
       Phantom mirror    |       |       |       |       |       |     1 |       ||     1
  Use: Scroll            |     1 |     8 |    10 |     6 |    14 |    12 |       ||    51
       Potion            |       |       |     1 |       |    12 |     3 |       ||    16
 Stab: Sleeping          |    18 |    28 |    51 |   113 |   224 |    53 |       ||   487
       Confused          |       |     2 |     8 |    20 |    37 |    52 |       ||   119
       Distracted        |       |       |     3 |     4 |    17 |    27 |       ||    51
       Invisible         |       |       |       |    11 |    41 |    37 |       ||    89
  Eat: Ration            |       |     2 |     5 |     9 |    12 |    10 |       ||    38
Armor: Robe              |    13 |    13 |    11 |    15 |    67 |    51 |     2 ||   172
Dodge: Dodged            |   110 |   112 |   205 |   499 |  1271 |   674 |    10 ||  2881
Block: Buckler           |       |       |       |       |       |   391 |    12 ||   403
       Reflection        |       |       |       |       |       |    53 |     4 ||    57

Table legend:
 A = Non-vault XP
 B = Vault XP
 C = Vault XP percentage of total XP
 D = Non-vault monster count
 E = Vault monster count
 F = Vault count percentage of total count
                 A         B        C        D         E       F
            +---------+---------+-------+---------+---------+-------
      Total |  199550 |  119884 |  37.5 |     831 |     337 |  28.9
            +---------+---------+-------+---------+---------+-------
        D:1 |      61 |       0 |   0.0 |      29 |       0 |   0.0
        D:2 |     136 |       0 |   0.0 |      27 |       0 |   0.0
        D:3 |     177 |     104 |  37.0 |      30 |       5 |  14.3
        D:4 |     233 |      38 |  14.0 |      18 |       1 |   5.3
        D:5 |     673 |       0 |   0.0 |      20 |       0 |   0.0
        D:6 |     773 |       0 |   0.0 |      23 |       0 |   0.0
        D:7 |     897 |     791 |  46.9 |      23 |       2 |   8.0
        D:8 |    2212 |      49 |   2.2 |      41 |       2 |   4.7
        D:9 |    3175 |       0 |   0.0 |      33 |       0 |   0.0
       D:10 |    1435 |     216 |  13.1 |      22 |       1 |   4.3
       D:11 |    4986 |    1031 |  17.1 |      36 |      10 |  21.7
       D:12 |    9604 |     284 |   2.9 |      40 |       7 |  14.9
       D:13 |    3126 |    1075 |  25.6 |      15 |       3 |  16.7
       D:14 |    2684 |    9198 |  77.4 |      10 |       9 |  47.4
       D:15 |   12179 |    3145 |  20.5 |      31 |       9 |  22.5
     Lair:1 |    2067 |    1039 |  33.5 |      12 |       1 |   7.7
     Lair:2 |    6843 |     824 |  10.7 |      26 |       1 |   3.7
     Lair:3 |    9090 |    3010 |  24.9 |      25 |      10 |  28.6
     Lair:4 |    4575 |    1360 |  22.9 |      16 |       7 |  30.4
     Lair:5 |    5220 |    4466 |  46.1 |      15 |      48 |  76.2
     Lair:6 |    7836 |   12030 |  60.6 |      34 |      38 |  52.8
    Swamp:1 |   17372 |    2660 |  13.3 |      45 |       3 |   6.2
    Swamp:2 |   11298 |       0 |   0.0 |      27 |       0 |   0.0
    Swamp:3 |   14724 |     973 |   6.2 |      36 |       1 |   2.7
    Swamp:4 |   12378 |   22795 |  64.8 |      29 |      25 |  46.3
    Snake:1 |    7498 |       0 |   0.0 |      16 |       0 |   0.0
    Snake:2 |   19241 |       0 |   0.0 |      37 |       0 |   0.0
    Snake:3 |   11320 |    1457 |  11.4 |      17 |       2 |  10.5
    Snake:4 |   11053 |   32266 |  74.5 |      25 |      60 |  70.6
      Orc:1 |    1712 |    2237 |  56.6 |      20 |       9 |  31.0
      Orc:2 |    3234 |    7839 |  70.8 |      27 |      22 |  44.9
   Vaults:1 |   11738 |    1834 |  13.5 |      26 |       3 |  10.3
     Bailey |       0 |     350 | 100.0 |       0 |      34 | 100.0
    Volcano |       0 |    4568 | 100.0 |       0 |      19 | 100.0
   Gauntlet |       0 |    4245 | 100.0 |       0 |       5 | 100.0
            +---------+---------+-------+---------+---------+-------
